 Dungeon Crawl Stone Soup version 0.31-a0-1084-gb392501acf (webtiles) character file.

Game seed: 3175085861639549784

109 Gumption the Shooter (level 4, -5/35 HPs)
             Began as a Barachi Hunter on Nov 28, 2023.
             Killed from afar by Natasha (7 damage)
             ... with a magic dart
             ... on level 2 of the Dungeon.
             The game lasted 00:12:18 (1419 turns).

Gumption the Shooter (Barachi Hunter)               Turns: 1419, Time: 00:12:19

Health: -5/35      AC:  4    Str: 14    XL:     4   Next: 90%
Magic:  4/4        EV: 12    Int:  9    God:
Gold:   71         SH:  0    Dex: 16    Spells: 3/3 levels left

rFire   . . .        a - +0 shortbow
rCold   . . .        (shield currently unavailable)
rNeg    . . .        c - +0 leather armour
rPois   .            (no helmet)
rElec   .            (no cloak)
rCorr   .            f - +0 pair of gloves
SInv    +            (no boots)
Will    .....        (no amulet)
Stlth   ++           i - ring of see invisible
HPRegen 0.25/turn    (no ring)
MPRegen 0.09/turn

%: no passive effects
@: unable to hop, slowed, very slow
A: amphibious, slowness 1, strong legs 1, +LOS
a: Hop


You were on level 2 of the Dungeon.
You visited 1 branch of the dungeon, and saw 2 of its levels.

You collected 71 gold pieces.

Inventory:

Hand Weapons
 a - a +0 shortbow (weapon)
Missiles
 h - 8 poisoned darts
Armour
 c - a +0 leather armour (worn)
 f - a +0 pair of gloves (worn)
Jewellery
 i - a ring of see invisible (left hand)
Scrolls
 b - a scroll of butterflies
 e - a scroll of fog {unknown}
 g - a scroll of silence {unknown}
 j - a scroll of identify {unknown}
 l - a scroll of acquirement {unknown}
 m - 2 scrolls of immolation
 n - a scroll of torment {unknown}
 p - a scroll of poison {unknown}
 q - a scroll of teleportation {unknown}
 s - a scroll of enchant armour {unknown}
Potions
 d - 3 potions of attraction {unknown}
 k - a potion of heal wounds {unknown}
 o - a potion of brilliance {unknown}
 r - a potion of might {unknown}


   Skills:
 + Level 3.4 Fighting
 * Level 4.9 Ranged Weapons
 + Level 3.0 Dodging
 + Level 2.1 Stealth


You had 3 spell levels left.
You didn't know any spells.
Your spell library was empty.

Dungeon Overview and Level Annotations

Branches:
Dungeon (2/15)

Altars:

Annotations:
D:2 Natasha


Innate Abilities, Weirdness & Mutations

You are amphibious.
You cover ground slowly.
You can hop short distances.
You have an extended range of vision and can be seen from far away.


Message History

Natasha stares at you and mumbles some strange words.
The magic dart hits you!
* * * LOW HITPOINT WARNING * * *
The cerulean imp hits you but does no damage.
Natasha claws you.
* * * LOW HITPOINT WARNING * * *
The cerulean imp hits you but does no damage.
Fire: a) +0 shortbow
Press: ? - help, Q - select action, (/) - cycle Shift-Dir - straight line, f/p - Natasha
Aim: Natasha (moderately wounded, 56% to hit)
You shoot an arrow. The arrow misses Natasha.
Natasha mewls in sadness.
Natasha closely misses you.
The cerulean imp hits you with a +1 spear.
* * * LOW HITPOINT WARNING * * *
Natasha mumbles some strange words.
Hop to where?
Press: ? - help, Dir - move target, p - Natasha
Found a short sword.
Boing!
Natasha mumbles some strange words.
The cerulean imp closely misses you.
Found a stone staircase leading down.
The cerulean imp hits you but does no damage.
The cerulean imp hits you with a +1 spear.
* * * LOW HITPOINT WARNING * * *
The cerulean imp hits you from afar with a +0 spear.
* * * LOW HITPOINT WARNING * * *
Natasha closely misses you.
You see here a wand of digging (5).
Fire: a) +0 shortbow
Press: ? - help, Q - select action, (/) - cycle Shift-Dir - straight line, f - Natasha
Aim: Natasha (moderately wounded, 56% to hit)
You shoot an arrow. The arrow closely misses Natasha.
The arrow hits the cerulean imp!
The cerulean imp is severely wounded.
The cerulean imp closely misses you. x2; The cerulean imp misses you.
Natasha stares at you and mumbles some strange words.
The magic dart hits you!
You die...
Natasha begins licking her fur clean.

....#
#.........#.........#..?...
....#
#.........#.........#.....#
.....
#.........#......5..#.....#
..........####.######...###
.(........##............#
..........##............#
........'.5..........†#
........#h5...........#
........@5............#
........#...........
....##..#..........# ..
#...#)########## ........
......... #...>.....#
#.........# #.........#


You could see Natasha and 3 cerulean imps.

Vanquished Creatures
  Natasha (D:2)
  A gnoll (D:1)
  3 adders (D:2)
  A dart slug (D:1)
  7 bats
  3 endoplasms
  6 goblins
  7 hobgoblins
  A kobold (D:2)
  3 quokkas
  4 ball pythons
  4 frilled lizards
  5 rats
46 creatures vanquished.

Notes
Turn   | Place    | Note
-------+----------+-------------------------------------------
     0 | D:1      | Gumption the Barachi Hunter began the quest for the Orb.
     0 | D:1      | Reached XP level 1. HP: 17/17 MP: 1/1
    37 | D:1      | Reached skill level 1 in Stealth
    91 | D:1      | Reached XP level 2. HP: 23/23 MP: 2/2
   298 | D:1      | Reached XP level 3. HP: 28/28 MP: 3/3
  1157 | D:2      | Reached XP level 4. HP: 35/35 MP: 4/4
  1339 | D:2      | Noticed Natasha
  1344 | D:2      | Killed Natasha
  1406 | D:2      | Noticed Natasha
  1419 | D:2      | Killed from afar by Natasha

Illustrated notes

Levels and vault maps discovered:
D:1:      elethiomel_arrival_quiet, layout_loops_ring
D:2:      layout_basic, uniq_crazy_yiuf_cottage, uniq_natasha

Skill      XL: |  1  2  3  4 |
---------------+-------------+-----
Stealth        | 1 2 |  2.1
Fighting       | 3 |  3.4
Dodging        | 3 |  3.0
Ranged Weapons | |  4.9

Action                     |  1- 3 |  4- 6 || total
---------------------------+-------+-------++-------
   Fire: Shortbow          |   107 |    44 ||   151
Ability: Hop               |       |     1 ||     1
    Use: Scroll            |       |     2 ||     2
 Armour: Leather armour    |    42 |    26 ||    68
  Dodge: Dodged            |    49 |    17 ||    66

Table legend: (Time is in decaauts)
 A = Elapsed time spent in this place.
 B = Non-inter-level travel time spent in this place.
 C = Inter-level travel time spent in this place.
 D = Time resting spent in this place.
 E = Time spent auto-exploring this place.
 F = Levels seen in this place.
 G = Mean time per level.
                   A        B        C        D        E       F      G
               +--------+--------+--------+--------+--------+-----+--------+
         Total |   1648 |   1596 |     52 |    140 |    739 |   2 |  824.0 |
       Dungeon |   1648 |   1596 |     52 |    140 |    739 |   2 |  824.0 |
               +--------+--------+--------+--------+--------+-----+--------+

Top non-repeatable levels by time:
     D:1: 1155 daAuts
     D:2: 492 daAuts
